 Dungeon Crawl Stone Soup version bcrawl-1.13 (webtiles) character file.

Game seed: 3179919958263128195

352 Ebbett the Conjurer (level 6, -3/36 HPs)
             Began as a Fairy Conjurer on July 25, 2019.
             Was an Initiate of Vehumet.
             Slain by an ogre
             ... wielding a +0 giant spiked club
              (17 damage)
             ... on level 4 of the Dungeon.
             The game lasted 00:08:09 (2270 turns).

Ebbett the Conjurer (Fairy Conjurer)                Turns: 2270, Time: 00:08:11

Health: -3/36      AC:  5    Str:  6    XL:     6   Next: 62%
Magic:  16/16      EV: 17    Int: 20    God:    Vehumet [......]
Gold:   329        SH:  5    Dex: 13    Spells: 14/15 levels left

rFire    . . .     SeeInvis .   (weapon restricted)
rCold    . . .     Gourm    .   (shield restricted)
rNeg     . . .     Faith    .   (armour unavailable)
rPois    .         Spirit   .   (no helmet)
rElec    .         Reflect  .   (no cloak)
rCorr    .         Harm     .   (no gloves)
MR       .....                  (no boots)
Stlth    +.........             (no amulet)
HPRegen  0.12/turn              (no ring)
MPRegen  0.15/turn              (no ring)

@: flying evasively
A: small, magic attunement, unstealthy, unfitting armour, able to fly, AC/SH +5
a: Stop Flying, Renounce Religion


You were on level 4 of the Dungeon.
You worshipped Vehumet.
Vehumet was noncommittal.
You were near starving.

You visited 1 branch of the dungeon, and saw 4 of its levels.

You collected 329 gold pieces.

Inventory:

Jewellery
 h - an uncursed ring of wizardry {unknown}
 k - an uncursed amulet of regeneration {unknown}
Scrolls
 d - a scroll of magic mapping {unknown}
 e - 2 scrolls of remove curse
 f - a scroll of teleportation {unknown}
 g - 3 scrolls of enchant armour {unknown}
 i - a scroll of immolation {unknown}
 l - 2 scrolls of blinking {unknown}
 m - 2 scrolls of identify {unknown}
Potions
 c - a potion of heal wounds {unknown}
 j - a potion of agility {unknown}
 n - 2 potions of resistance {unknown}
 o - a potion of mutation {unknown}
 p - a potion of cancellation {unknown}
 q - a potion of degeneration {unknown}
 r - 4 potions of curing {unknown}
 s - a potion of brilliance {unknown}
Comestibles
 b - 7 rations {!d}


   Skills:
 + Level 3.2 Dodging
 + Level 2.0 Stealth
 + Level 5.3 Spellcasting
 + Level 7.6 Conjurations


You had 14 spell levels left.
You knew the following spells:

 Your Spells              Type           Power        Failure   Level  Hunger
a - Magic Dart            Conj           ####         1%          1    None

Your spell library contained the following spells:

 Spells                   Type           Power        Failure   Level  Hunger
 Searing Ray              Conj           #####.       1%          2    None
 Iskenderun's Mystic Bla  Conj           #####...     1%          3    None
 Fulminant Prism          Conj/Hex       ###.......   24%         4    None
 Irradiate                Conj/Tmut      ###.......   54%         5    None


Dungeon Overview and Level Annotations

Branches:
Dungeon (4/12)
 Temple: D:4-7

Altars:
Okawaru
Sif Muna
Uskayaw
Vehumet
Yredelemnul


Innate Abilities, Weirdness & Mutations

Your spells do not cause hunger and MP costs are reduced by 1.
Your bright wings attract enemies. (Stealth-)
You cannot fit into any form of body armour.
Your shimmering scales are hard and can block incoming attacks. (AC +5, SH +5)
You are small and have problems with some larger weapons.
You can fly continuously.


Message History

Aim: a crimson imp (heavily wounded)
Okay, then.
Unknown command.
As you read the scroll labeled UTZIVE MIMUCW, it crumbles to dust.
You feel blessed for a moment.
It was a scroll of remove curse.
The crimson imp lashes its tail.
You block the crimson imp's attack.
As you read the scroll labeled REODOTYRHANK, it crumbles to dust.
It is a scroll of enchant weapon.
You aren't carrying any weapons that can be enchanted.
The crimson imp hits you. The ogre closely misses you.
The crimson imp blinks!
The ogre misses you. The crimson imp closely misses you.
You block the crimson imp's attack.
The crimson imp hits you but does no damage.
The ogre misses you.
The crimson imp grinds its teeth.
You barely miss the crimson imp. The crimson imp misses you.
The ogre hits you with a +0 giant spiked club!
You die...

.##.#.#.####.....####...##.#.##.#
.##.#<............# #.........#..
.##.#########.##..# #............
.##...........##..# #..#########.
.##..########[##..###.##.......##
......................#8.##.##.8#
............####..###.#.[##.##..#
......#####.####..#...#_.....)..#
#####.#.........@5...©#......©..#
.##.##.###..O....#_........#
.#......(........#..##.##..#
.#####.###.......#8.##.##.8#
#.......# #.......##...©...##
....##### #...###..#########. ..
#..................
#........####..##### ##########
#........


You could see an ogre and a crimson imp.

Vanquished Creatures
  A sky beast (D:4)
  A howler monkey (D:3)
  A crimson imp (D:4)
  An orc priest (D:3)
  Ijyb (D:4)
  A worker ant (D:4)
  An adder (D:3)
  An ooze (D:3)
  An adder zombie (D:2)
  4 worms
  5 leopard geckos
  3 orcs
  A ball python (D:1)
  A bat zombie (D:2)
  5 giant cockroaches
  6 goblins
  8 hobgoblins
  4 jackals (D:1)
  6 bats
  3 frilled lizards (D:1)
  2 jackal skeletons
  9 kobolds
  A leopard gecko skeleton (D:2)
  5 rats
72 creatures vanquished.

Notes
Turn   | Place    | Note
-------+----------+-------------------------------------------
     0 | D:1      | Ebbett the Fairy Conjurer began the quest for the Orb.
     0 | D:1      | Reached XP level 1. HP: 11/11 MP: 6/6
    77 | D:1      | Reached skill level 5 in Conjurations
   103 | D:1      | Reached XP level 2. HP: 17/17 MP: 7/7
   301 | D:1      | Reached XP level 3. HP: 21/21 MP: 9/9
   805 | D:2      | Reached skill level 6 in Conjurations
   812 | D:2      | Reached XP level 4. HP: 27/27 MP: 11/11
  1272 | D:3      | Reached XP level 5. HP: 31/31 MP: 11/13
  1286 | D:3      | Found a hide-covered altar of Uskayaw.
  1468 | D:3      | Found an iron altar of Okawaru.
  1567 | D:3      | Found a basalt altar of Yredelemnul.
  1754 | D:4      | Found a radiant altar of Vehumet.
  1757 | D:4      | Found a deep blue altar of Sif Muna.
  1768 | D:4      | Found a transporter.
  1791 | D:4      | Found a transporter.
  1794 | D:4      | Noticed a sky beast
  1811 | D:4      | Killed a sky beast
  1811 | D:4      | Reached skill level 5 in Spellcasting
  1811 | D:4      | Reached XP level 6. HP: 21/36 MP: 14/16
  1935 | D:4      | Reached skill level 7 in Conjurations
  1959 | D:4      | Became a worshipper of Sif Muna the Loreminder
  1962 | D:4      | Fell from the grace of Sif Muna
  1962 | D:4      | Became a worshipper of Vehumet
  2117 | D:4      | Noticed Ijyb
  2236 | D:4      | Killed Ijyb
  2270 | D:4      | Slain by an ogre

Skill      XL: |  1  2  3  4  5  6 |
---------------+-------------------+-----
Conjurations   | 5 6 7 |  7.6
Spellcasting   | 3 4 5 |  5.3
Dodging        | 3 |  3.2
Stealth        | 2 |  2.0

Action                   |  1- 3 |  4- 6 || total
-------------------------+-------+-------++-------
Melee: Unarmed           |     3 |    12 ||    15
 Cast: Magic Dart        |    87 |   107 ||   194
  Use: Scroll            |       |     2 ||     2
  Eat: Chunk             |       |     2 ||     2
Armor: Skin              |     3 |    10 ||    13
Dodge: Dodged            |    14 |    31 ||    45
Block: Other             |    11 |    18 ||    29
